 Dungeon Crawl Stone Soup version 0.21-a0-24-ga372141 (webtiles) character file.

0 Manul the Ducker (level 1, -14/11 HPs)
             Began as a Spriggan Abyssal Knight on May 25, 2017.
             Was a Follower of Lugonu.
             Killed from afar by a smoke demon (25 damage)
             ... with a ball of steam
             ... on level 2 of the Abyss.
             The game lasted 00:01:10 (249 turns).

Manul the Ducker (Spriggan Abyssal Knight)           Turns: 249, Time: 00:01:10

Health: -14/11     AC:  2    Str:  8    XL:     1   Next: 0%
Magic:  3/3        EV: 18    Int: 13    God:    Lugonu [*.....]
Gold:   35         SH:  0    Dex: 15    Spells: 0/0 levels left

rFire    . . .     SeeInvis +   a - +1 short sword
rCold    . . .     Gourm    .   (shield restricted)
rNeg     . . .     Faith    .   b - +0 robe
rPois    .         Spirit   .   (helmet restricted)
rElec    .         Reflect  .   (no cloak)
rCorr    .         Harm     .   (gloves unavailable)
MR       .....                  (boots unavailable)
Stlth    +.........             (no amulet)
Regen    0.1/turn               (no ring)
MPRegen  0.1/turn               (no ring)

@: very quick
A: unfitting armour, see invisible, herbivore 3, speed 3, slow metabolism 2
a: Depart the Abyss, Renounce Religion


You were on level 2 of the Abyss.
You worshipped Lugonu.
Lugonu was aware of your devotion.
You were not hungry.

You visited 0 branches of the dungeon, and saw 0 of its levels.
You visited the Abyss 1 time.

You collected 35 gold pieces.

Inventory:

Hand Weapons
 a - a +1 short sword (weapon)
Missiles
 h - 25 sling bullets
Armour
 b - a +0 robe (worn)
Wands
 g - a wand of lightning (4/15)
Scrolls
 d - a scroll of silence {unknown}
 e - a scroll of identify {unknown}
Comestibles
 c - a bread ration
 f - a royal jelly


   Skills:
 + Level 2.4 Fighting
 + Level 2.1 Short Blades
 + Level 3.5 Dodging
 + Level 1.7 Invocations


You couldn't memorise any spells.
You didn't know any spells.

Dungeon Overview and Level Annotations

Branches:
Dungeon (0/15)

Altars:


Innate Abilities, Weirdness & Mutations

You are very small and have problems with some larger weapons.
You are too small for most types of armour.
You have supernaturally acute eyesight. (SInv)
You are a herbivore.
You cover ground extremely quickly.
You need consume almost no food.


Message History

A black draconian knight comes into view.
It is wielding a glaive.
The black draconian knight roars!
A smoke demon comes into view.
The mana viper disappears in a puff of smoke!
The worldbinder calls forth creatures from the Snake Pit!
The black mamba disappears in a puff of smoke!
The smoke demon roars!
Found 10 stones.
Found a burning altar of Makhleb.
Found 13 arrows.
Tentacles burst from the starspawn's body! 2 starspawn tentacles come into view.
You feel your health improve.
Unknown command.
A smoke demon and a tentacled starspawn come into view.
The smoke demon roars!
The smoke demon gestures at you. The ball of steam hits you!
Ouch! That really hurt!
You die...

.## .#...#. #..#
..#.... ### ...
...#.#. ...# ..#
3#.....
....###..#...... .
.....#...X..###.#
.......#§...#...#.
..#.#§.###.#. ..
#.#@#..#.#...#
#..#......#
#..#...##.####
######.#.##..#
#...#......# ##
##.#...### #
##.#.##.## .
#..#.#..## .##
#...#. ..#.


There were no monsters in sight!

Vanquished Creatures (others)
  2 starspawn tentacles (Abyss:2)
2 creatures vanquished.

Notes
Turn   | Place    | Note
-------+----------+-------------------------------------------
     0 | Abyss:1  | Manul the Spriggan Abyssal Knight began the quest for the Orb.
     0 | Abyss:1  | Reached XP level 1. HP: 11/11 MP: 3/3
    83 | Abyss:2  | Noticed a chaos spawn
   127 | Abyss:2  | Noticed a fire dragon zombie
   157 | Abyss:2  | Noticed an ancient zyme
   164 | Abyss:2  | Noticed a titan skeleton
   181 | Abyss:2  | Noticed a worldbinder
   188 | Abyss:2  | Noticed a large abomination
   198 | Abyss:2  | Noticed a black mamba
   198 | Abyss:2  | Noticed a naga
   198 | Abyss:2  | Noticed a black draconian knight
   198 | Abyss:2  | Noticed a mana viper
   211 | Abyss:2  | Noticed a smoke demon
   212 | Abyss:2  | Noticed a naga
   213 | Abyss:2  | Noticed a black mamba
   226 | Abyss:2  | Noticed a tentacled starspawn
   227 | Abyss:2  | Found a burning altar of Makhleb.
   246 | Abyss:2  | Noticed a smoke demon
   246 | Abyss:2  | Noticed a tentacled starspawn
   249 | Abyss:2  | Killed from afar by a smoke demon

Vault maps used:

Action                   || total
-------------------------++-------
  Use: Scroll            ||     1
